 Dungeon Crawl Stone Soup version 0.31-a0-204-g7da18cac08 (webtiles) character file.

Game seed: 10902676731101448503

3407 TrayleKats the Trooper (level 10, -4/93 (96) HPs)
             Began as a Naga Fighter on June 27, 2023.
             Was an Elder of Cheibriados.
             Slain by a boulder beetle (17 damage)
             ... on level 7 of the Dungeon.
             The game lasted 00:10:36 (11059 turns).

TrayleKats the Trooper (Naga Fighter)              Turns: 11059, Time: 00:10:36

HP:   -4/93 (96)    AC:  9    Str: 31    XL:     10   Next: 4%
MP:   15/15         EV:  7    Int: 20    God:    Cheibriados [****..]
Gold: 136           SH:  7    Dex: 21    Spells: 9/9 levels left

rFire   + + .        a - +0 war axe
rCold   x . .        c - +0 buckler
rNeg    . . .        o - +0 fire dragon scales
rPois   +            (no helmet)
rElec   .            (no cloak)
rCorr   .            s - +0 pair of gloves
SInv    +            (no barding)
Will    ++...        (no amulet)
Stlth   x              - ring of willpower
HPRegen 0.35/turn    (no ring)
MPRegen 0.14/turn

%: no passive effects
@: lightly drained, invisible, very slow
A: AC +3, large, see invisible, deformed body, poison resistance, slowness 2,
spit poison 1, naga tail 1
a: Spit Poison, Renounce Religion, Bend Time, Temporal Distortion, Slouch


You were on level 7 of the Dungeon.
You worshipped Cheibriados.
Cheibriados was greatly pleased with you.
You visited 1 branch of the dungeon, and saw 7 of its levels.
You also visited: Sewer.

You collected 411 gold pieces.
You spent 275 gold pieces at shops.

Inventory:

Hand Weapons
 a - a +0 war axe (weapon)
Missiles
 b - 11 boomerangs
 d - 5 javelins
 e - 12 poisoned darts
 g - 6 silver boomerangs
Armour
 c - a +0 buckler (worn)
 o - +0 fire dragon scales (worn)
 s - a +0 pair of gloves (worn)
Jewellery
 x - a ring of willpower (left hand)
Wands
 w - a wand of flame (39)
 y - a wand of iceblast (5)
Scrolls
 f - 10 scrolls of identify {unknown}
 i - a scroll of fear {unknown}
 k - 3 scrolls of fog {unknown}
 n - 5 scrolls of teleportation {unknown}
 p - 2 scrolls of revelation {unknown}
 r - a scroll of enchant weapon {unknown}
 v - 2 scrolls of blinking {unknown}
 z - a scroll of noise {unknown}
 A - a scroll of vulnerability {unknown}
Potions
 h - 2 potions of invisibility
 l - 2 potions of ambrosia {unknown}
 m - a potion of lignification {unknown}
 q - 3 potions of attraction {unknown}
 t - 4 potions of enlightenment
 u - a potion of curing {unknown}
 B - a potion of brilliance {unknown}


   Skills:
 + Level 7.9 Fighting
 + Level 7.4 Axes
 - Level 2.4 Armour
 + Level 7.1 Shields
 * Level 6.8 Invocations


You had 9 spell levels left.
You didn't know any spells.
Your spell library contained the following spells:

 Spells                   Type           Power      Damage    Failure   Level
 Sandblast                Erth           0%         2d4       45%         1
 Blink                    Tloc           0%         N/A       61%         2
 Lesser Beckoning         Tloc           0%         N/A       61%         2
 Momentum Strike          Conj/Tloc      0%         3d8       61%         2
 Passwall                 Tmut/Erth      0%         N/A       61%         2
 Static Discharge         Conj/Air       0%         2-2/arc   61%         2
 Ozocubu's Armour         Ice            0%         N/A       83%         3
 Stone Arrow              Conj/Erth      0%         3d7       83%         3
 Airstrike                Air            0%         2d(0-16)  99%         4
 Dispel Undead            Necr           0%         3d6       99%         4
 Summon Ice Beast         Ice/Summ       0%         N/A       99%         4
 Summon Lightning Spire   Summ/Air       0%         N/A       99%         4
 Metabolic Englaciation   Hex/Ice        0%         N/A       100%        5
 Simulacrum               Ice/Necr       0%         N/A       100%        6
 Infestation              Necr           0%         N/A       100%        8


Dungeon Overview and Level Annotations

Branches:
Dungeon (7/15)             Temple (0/1) D:5           Sewer (visited)

Altars:
Ashenzari
Cheibriados
Elyvilon
Uskayaw
Vehumet
Wu Jian

Shops:
D:5 (=   D:7 [:

Annotations:
D:4 1 runed translucent door, MrSquiggles's ghost, amateur HuWn
D:5 1 runed translucent door, OldManVictorn's ghost, weakling GnDe


Innate Abilities, Weirdness & Mutations

Your serpentine skin is tough. (AC +3)
You have supernaturally acute eyesight. (SInv)
Armour fits poorly on your strangely shaped body.
Your system is resistant to poisons. (rPois)
You cover ground very slowly.
You can spit poison.
You have a snake-like lower body.


Message History

The boulder beetle is no longer moving slowly.
The boulder beetle bites you!
You hit the boulder beetle.
The boulder beetle is heavily wounded.
The boulder beetle barely misses you.
You hit the boulder beetle but do no damage.
The boulder beetle is heavily wounded.
The boulder beetle bites you. x2
Okay, then.
You fade into invisibility!
The boulder beetle bites you!
* * * LOW HITPOINT WARNING * * *
You hit the boulder beetle.
The boulder beetle is heavily wounded.
The boulder beetle bites you!
* * * LOW HITPOINT WARNING * * *
You feel much better.
You slash the boulder beetle!
The boulder beetle is severely wounded.
You block the boulder beetle's attack.
You hit the boulder beetle.
The boulder beetle is severely wounded.
The boulder beetle closely misses you.
You barely miss the boulder beetle.
The boulder beetle is severely wounded.
You block the boulder beetle's attack.
You completely miss the boulder beetle.
The boulder beetle is severely wounded.
The boulder beetle bites you!
* * * LOW HITPOINT WARNING * * *
You hit the boulder beetle.
The boulder beetle is severely wounded.
The boulder beetle bites you!
* * * LOW HITPOINT WARNING * * *
You hit the boulder beetle.
The boulder beetle is severely wounded.
The boulder beetle bites you.
* * * LOW HITPOINT WARNING * * *
The boulder beetle bites you!
You die...

### ..#
..#######################
................@B.......
..#######################
..# ########
..############
#......####
.............# #.......#
..##.#######.# #.##.##.#
####.## #.# #.##.##.##
#..## #.# #.....#...
#...## #.# #.....####


You could see a boulder beetle (unable to see you).

Vanquished Creatures
  4 kobold demonologists (D:6)
  A wyvern (D:5)
  Eustachio (D:4)
  A steam dragon (D:7)
  2 orc warriors
  3 ogres
  3 phantoms
  A centaur (D:7)
  A bullfrog (D:6)
  A scorpion (D:4)
  4 wights (D:7)
  A howler monkey (D:6)
  2 hounds (D:7)
  An orc priest (D:7)
  5 iguanas
  7 orc wizards
  2 sleepcaps
  6 gnolls
  14 adders
  4 river rats (Sewer)
  2 shadow imps
  A white imp (D:7)
  2 worms (Sewer)
  2 dart slugs
  38 orcs
  8 bats
  8 endoplasms
  5 giant cockroaches
  8 goblins
  7 hobgoblins
  4 jackals (Sewer)
  8 quokkas
  17 ball pythons
  2 frilled lizards
  7 kobolds
  6 rats
189 creatures vanquished.

Notes
Turn   | Place    | Note
-------+----------+-------------------------------------------
     0 | D:1      | TrayleKats the Naga Fighter began the quest for the Orb.
     0 | D:1      | Reached XP level 1. HP: 21/21 MP: 1/1
   102 | D:1      | Reached XP level 2. HP: 28/28 MP: 2/2
   376 | D:1      | Reached XP level 3. HP: 30/34 MP: 3/3
   761 | D:1      | Got Sif Muna's Meditations on Crystallized Spectres
  1088 | D:2      | Reached XP level 4. HP: 44/44 MP: 4/4
  1449 | D:2      | Found a broken altar of Ashenzari.
  1951 | D:3      | Found a snail-covered altar of Cheibriados.
  1959 | D:3      | Became a worshipper of Cheibriados the Contemplative
  2169 | D:3      | Reached XP level 5. HP: 50/50 MP: 5/5
  2336 | D:3      | Found a white marble altar of Elyvilon.
  2405 | D:3      | Found a faded altar of an unknown god.
  2596 | D:4      | Noticed a +0 short sword
  2596 | D:4      | Noticed a +0 short sword
  2596 | D:4      | Noticed a +0 falchion
  2597 | D:4      | Noticed a +0 dagger
  2597 | D:4      | Noticed a +0 falchion
  2600 | D:4      | Noticed a +0 spear
  2600 | D:4      | Noticed a +0 dagger
  2600 | D:4      | Noticed a +0 spear
  2661 | D:4      | Noticed a phantom
  2680 | D:4      | Killed a phantom
  2789 | D:4      | Reached * piety under Cheibriados
  2790 | D:4      | Reached XP level 6. HP: 48/58 MP: 6/6
  2940 | D:4      | Noticed Eustachio
  3028 | D:4      | Killed Eustachio
  3029 | D:4      | Reached skill level 5 in Fighting
  3268 | D:4      | Reached XP level 7. HP: 58/67 MP: 7/7
  4000 | D:4      | Found a runed translucent door.
  4057 | D:4      | Found a hide-covered altar of Uskayaw.
  4507 | D:4      | Noticed MrSquiggles's ghost (amateur HuWn)
  4527 | D:4      | Reached skill level 5 in Axes
  4527 | D:4      | Reached skill level 5 in Shields
  4974 | D:5      | Entered Level 5 of the Dungeon
  4977 | D:5      | Found a staircase to the Ecumenical Temple.
  5085 | D:5      | Noticed a wyvern
  5102 | D:5      | Killed a wyvern
  5103 | D:5      | Reached XP level 8. HP: 34/76 MP: 8/8
  5193 | D:5      | Found a glowing drain.
  5197 | Sewer    | Entered a sewer
  5246 | Sewer    | Reached ** piety under Cheibriados
  5632 | Sewer    | Reached *** piety under Cheibriados
  6148 | D:5      | Found a runed translucent door.
  6150 | D:5      | Noticed a shadow
  6151 | D:5      | Noticed OldManVictorn's ghost (weakling GnDe)
  6210 | D:5      | Found a radiant altar of Vehumet.
  6894 | D:5      | Reached skill level 1 in Invocations
  6987 | D:5      | Found Alalil's Jewellery Boutique.
  7003 | D:5      | Bought a ring of willpower for 275 gold pieces
  7240 | D:5      | Found Qiefiok's Antique Weapon Boutique.
  7354 | D:6      | Identified the +0 dagger of Division {venom, Int+4 SInv
                  | Stlth-}
  7492 | D:6      | Found an ornate altar of the Wu Jian Council.
  7618 | D:6      | HP: 2/78 [orc warrior/+0 dire flail (5)]
  8469 | D:6      | Reached **** piety under Cheibriados
  8870 | D:7      | Found Qoeth's Tremendous Tomes.
  8912 | D:7      | Found Cuam's Antique Armour Shoppe.
  8953 | D:7      | Reached XP level 9. HP: 68/85 MP: 11/11
  9264 | D:7      | Noticed a kobold demonologist
  9264 | D:7      | Noticed a kobold demonologist
  9264 | D:7      | Noticed a kobold demonologist
  9266 | D:7      | Noticed an orange demon
  9267 | D:7      | Noticed a sixfirhy
  9580 | D:6      | Killed a kobold demonologist
  9590 | D:6      | Killed a kobold demonologist
  9591 | D:6      | Reached skill level 5 in Invocations
  9606 | D:7      | Noticed a kobold demonologist
  9610 | D:7      | Noticed a hellwing
  9842 | D:7      | Noticed a sun demon
  9845 | D:7      | Noticed a rust devil
  9847 | D:7      | Noticed a hellwing
  9849 | D:7      | Noticed a hellwing
  9855 | D:6      | Killed a kobold demonologist
 10401 | D:7      | Noticed a sixfirhy
 10402 | D:7      | Noticed a smoke demon
 10411 | D:6      | Killed a kobold demonologist
 10807 | D:7      | Reached XP level 10. HP: 86/95 MP: 14/14
 11038 | D:7      | Noticed a boulder beetle
 11052 | D:7      | HP: 3/93 [boulder beetle (17)]
 11059 | D:7      | Slain by a boulder beetle

Illustrated notes

Levels and vault maps discovered:
D:1:      dpeg_arrival_morbid_curiosity, layout_loops_ring
D:2:      layout_basic, basic_altar, solitary_fountain, serial_bayou_lagoon_a
D:3:      layout_rooms, nicolae_elyvilon_temple_path,
          mainiacjoe_overflow_small_starburst,
          hellmonk_ecumenical_altar_blasted, chequers_serial_rivers_micro_d
D:4:      layout_layer_cave, nicolae_uskayaw_en_pointe,
          hellmonk_ghost_happy_afterlife, nicolae_elevator_lobby_plus,
          uniq_eustachio
D:5:      layout_basic, vehumet_altar_wand_db,
          minmay_temple_entry_statues_pillars, gup_sewer_entry_bowl,
          serial_shops, nicolae_shop_real_fake_doors, ebering_ghost_inner_flame,
          grunt_ministairs_3, kennysheep_small_circle
D:6:      layout_layer_cave, kennysheep_mini_moat
D:7:      layout_basic, serial_shops, shop, nicolae_shop_i_like_big_books

Skill      XL: |  1  2  3  4  5  6  7  8  9 |
---------------+----------------------------+-----
Shields        | 3 4 5 6 7 |  7.1
Axes           | 3 4 5 6 7 |  7.4
Fighting       | 4 5 6 7 |  7.9
Invocations    | 3 6 |  6.8
Armour         | |  2.4

Action                     |  1- 3 |  4- 6 |  7- 9 | 10-12 || total
---------------------------+-------+-------+-------+-------++-------
  Melee: War axe           |    91 |   149 |   319 |    27 ||   586
 Invoke: Bend Time         |       |       |     1 |     1 ||     2
Ability: Spit Poison       |     4 |    20 |    41 |     1 ||    66
    Use: Potion            |       |     5 |     3 |     2 ||    10
   Stab: Invisible         |       |     3 |       |       ||     3
         Confused          |       |     1 |       |       ||     1
 Armour: Scale mail        |    47 |    13 |       |       ||    60
         Fire dragon scale |       |    52 |   168 |     2 ||   222
  Dodge: Dodged            |    28 |    44 |   111 |     8 ||   191
  Block: Buckler           |    21 |    32 |   100 |     5 ||   158

Table legend: (Time is in decaauts)
 A = Elapsed time spent in this place.
 B = Non-inter-level travel time spent in this place.
 C = Inter-level travel time spent in this place.
 D = Time resting spent in this place.
 E = Time spent auto-exploring this place.
 F = Levels seen in this place.
 G = Mean time per level.
                   A        B        C        D        E       F      G
               +--------+--------+--------+--------+--------+-----+--------+
         Total |  16732 |  16419 |    313 |   2900 |  11416 |   8 | 2091.5 |
       Dungeon |  15265 |  14952 |    313 |   2900 |  10436 |   7 | 2180.7 |
         Sewer |   1467 |   1467 |      0 |      0 |    980 |   1 | 1467.0 |
               +--------+--------+--------+--------+--------+-----+--------+

Top non-repeatable levels by time:
     D:4: 3586 daAuts
     D:6: 3546 daAuts
     D:5: 2578 daAuts
     D:7: 2036 daAuts
   Sewer: 1467 daAuts
     D:2: 1345 daAuts
     D:1: 1123 daAuts
     D:3: 1048 daAuts
